 Dungeon Crawl Stone Soup version 0.30-a0-618-gd6c86c23d0 (webtiles) character file.

Game seed: 101246715623019655

314 inmateoo the Sneak (level 6, 0/56 HPs)
             Began as a Draconian Delver on Jan 10, 2023.
             Was a Believer of Cheibriados.
             Slain by a black bear (4 damage)
             ... on level 4 of the Dungeon.
             The game lasted 00:05:41 (3236 turns).

inmateoo the Sneak (Draconian Delver)               Turns: 3236, Time: 00:05:41

Health: 0/56       AC:  6    Str: 21    XL:     6   Next: 19%
Magic:  7/7        EV: 13    Int: 14    God:    Cheibriados [**....]
Gold:   241        SH:  0    Dex: 16    Spells: 5/5 levels left

rFire   . . .      SeeInvis .      - Unarmed
rCold   . . .      Faith    .    (no shield)
rNeg    . . .      Spirit   .    (body armour unavailable)
rPois   .          Reflect  .    (helmet restricted)
rElec   .          Harm     .    (no cloak)
rCorr   .          Rampage  .    (no gloves)
Will    .....                    (no boots)
Stlth   +++                      (no amulet)
HPRegen 0.29/turn                (no ring)
MPRegen 0.10/turn                (no ring)

@: very slow
A: AC +6, unfitting armour, cold-blooded
a: Renounce Religion, Bend Time


You were on level 4 of the Dungeon.
You worshipped Cheibriados.
Cheibriados was pleased with you.
You visited 2 branches of the dungeon, and saw 6 of its levels.

You collected 241 gold pieces.

Inventory:

Jewellery
 r - a ring of positive energy
Wands
 e - a wand of digging (3)
 g - a wand of mindburst (21)
Scrolls
 a - 2 scrolls of fog
 c - a scroll of fear
 h - a scroll of amnesia
 j - a scroll of vulnerability {unknown}
Potions
 b - 2 potions of degeneration
 d - a potion of haste
 f - a potion of might
 i - a potion of attraction
 k - a potion of mutation
 l - a potion of heal wounds
 m - 2 potions of curing {unknown}
 n - a potion of cancellation {unknown}
 o - a potion of invisibility {unknown}
 p - a potion of magic {unknown}
 q - a potion of lignification {unknown}
 s - a potion of flight {unknown}
 t - a potion of brilliance {unknown}


   Skills:
 - Level 5.0 Fighting
 - Level 3.0 Dodging
 - Level 5.0 Stealth
 + Level 3.9 Unarmed Combat
 - Level 2.0 Invocations


You had 5 spell levels left.
You didn't know any spells.
Your spell library contained the following spells:

 Spells                   Type           Power      Damage    Failure   Level
 Anguish                  Hex/Necr       0%         N/A       96%         4
 Enfeeble                 Hex            0%         N/A       100%        7


Dungeon Overview and Level Annotations

Branches:
Dungeon (5/15)             Temple (1/1) D:5

Altars:
Ashenzari
Cheibriados
Dithmenos
Elyvilon
Gozag
Hepliaklqana
Kikubaaqudgha
Makhleb
Okawaru
Qazlal
Ru
Sif Muna
Trog
Uskayaw
Vehumet
Wu Jian
Xom
Yredelemnul
Zin
The Shining One


Innate Abilities, Weirdness & Mutations

Your plain brown scales are hard. (AC +6)
You cannot fit into any form of body armour.
You are cold-blooded and may be slowed by cold attacks.


Message History

You punch the black bear!
The black bear is severely wounded.
The black bear misses you. The black bear claws you.
The black bear claws you but does no damage.
You hit the black bear. Your punch misses the black bear.
The black bear is severely wounded.
The black bear bites you. The black bear misses you. The black bear claws you.
You hit the black bear but do no damage.
The black bear is severely wounded.
The black bear goes berserk!
You barely miss the black bear.
Your tail-slap misses the black bear.
The black bear is severely wounded.
The black bear closely misses you. The black bear claws you.
The black bear misses you.
You barely miss the black bear. You tail-slap the black bear.
The black bear is almost dead.
The black bear barely misses you. The black bear completely misses you.
The black bear barely misses you. The black bear bites you.
The black bear claws you. The black bear barely misses you.
You are too injured to fight recklessly!
You are too injured to fight recklessly!
You are too injured to fight recklessly!
You are too injured to fight recklessly!
You hit the black bear.
The black bear is almost dead.
The black bear bites you!
The black bear completely misses you. x2
You barely miss the black bear.
The black bear is almost dead.
The black bear bites you!
* * * LOW HITPOINT WARNING * * *
The black bear claws you.
* * * LOW HITPOINT WARNING * * *
The black bear claws you but does no damage.
The black bear bites you but does no damage.
The black bear misses you.
The black bear claws you but does no damage.
You hit the black bear.
The black bear is almost dead.
The black bear barely misses you. The black bear claws you.
You die...

###.#...#########
#.........#
#.....###.#
#..#### # #..#
#.)######.
#.........
##.####### #.#@#
..###h# #.# #.#
..# #.. ### ###


You could see a black bear (berserk).

Vanquished Creatures
  An ogre (D:4)
  A centaur (D:4)
  A scorpion (D:4)
  An iguana (D:4)
  An adder (D:2)
  A dart slug (D:3)
  2 orcs
  2 endoplasms
  2 giant cockroaches
  4 goblins
  6 hobgoblins
  5 jackals
  7 kobolds
  6 quokkas
  2 ball pythons
  2 bats
  3 frilled lizards
  6 rats
53 creatures vanquished.

Notes
Turn   | Place    | Note
-------+----------+-------------------------------------------
     0 | D:5      | inmateoo the Draconian Delver began the quest for the Orb.
     0 | D:5      | Reached XP level 1. HP: 19/19 MP: 1/1
     8 | Temple   | Entered the Ecumenical Temple
    73 | Temple   | Became a worshipper of Cheibriados the Contemplative
   106 | D:5      | Noticed an orc wizard
   185 | D:5      | Noticed a hound
   389 | D:3      | Found a faded altar of an unknown god.
   469 | D:2      | Reached XP level 2. HP: 18/26 MP: 2/2
  1452 | D:2      | Reached * piety under Cheibriados
  1496 | D:2      | Reached XP level 3. HP: 20/33 MP: 3/3
  2663 | D:4      | Reached ** piety under Cheibriados
  2744 | D:4      | Noticed a centaur
  2757 | D:4      | Killed a centaur
  2758 | D:4      | Reached skill level 5 in Stealth
  2758 | D:4      | Reached skill level 1 in Invocations
  2758 | D:4      | Reached XP level 4. HP: 17/40 MP: 3/5
  2758 | D:4      | Reached XP level 5. HP: 20/46 MP: 3/6
  2914 | D:4      | Noticed an ogre
  2919 | D:4      | Killed an ogre
  3004 | D:4      | Reached XP level 6. HP: 25/55 MP: 7/7
  3010 | D:4      | Reached skill level 5 in Fighting
  3236 | D:4      | Slain by a black bear

Illustrated notes

Levels and vault maps discovered:
D:1:      dpeg_arrival_yet_another_circle, layout_basic
D:2:      layout_basic
D:3:      layout_loops_ring, hellmonk_ecumenical_altar_zigzags, st_stairs_7
D:4:      layout_loops_corners
D:5:      layout_basic, temple_statues, gammafunk_ghost_cemetery, serial_shops,
          kennysheep_mini_moat, enter_ossuary_5, minmay_misc_feat_square,
          kennysheep_doodads
Temple:   nicolae_temple_bog_church

Skill      XL: |  1  2  3  4  5  6 |
---------------+-------------------+-----
Dodging        | 2 3 |  3.0
Fighting       | 4 5 |  5.0
Stealth        | 5 |  5.0
Unarmed Combat | 3 |  3.9
Invocations    | 1 2 |  2.0

Action                   |  1- 3 |  4- 6 || total
-------------------------+-------+-------++-------
Melee: Unarmed           |   188 |    39 ||   227
       Tailslap          |    30 |     8 ||    38
       Punch             |     2 |     2 ||     4
  Use: Scroll            |     9 |       ||     9
       Potion            |       |     1 ||     1
 Stab: Sleeping          |     8 |     3 ||    11
Armor: Skin              |    57 |    14 ||    71
Dodge: Dodged            |   112 |    31 ||   143

Table legend: (Time is in decaauts)
 A = Elapsed time spent in this place.
 B = Non-inter-level travel time spent in this place.
 C = Inter-level travel time spent in this place.
 D = Time resting spent in this place.
 E = Time spent auto-exploring this place.
 F = Levels seen in this place.
 G = Mean time per level.
                   A        B        C        D        E       F      G
               +--------+--------+--------+--------+--------+-----+--------+
         Total |   3968 |   3837 |    131 |    810 |   1960 |   6 |  661.3 |
       Dungeon |   3887 |   3756 |    131 |    810 |   1960 |   5 |  777.4 |
        Temple |     81 |     81 |      0 |      0 |      0 |   1 |   81.0 |
               +--------+--------+--------+--------+--------+-----+--------+

Top non-repeatable levels by time:
     D:2: 1075 daAuts
     D:1: 1033 daAuts
     D:3: 1003 daAuts
     D:4: 638 daAuts
     D:5: 136 daAuts
  Temple: 81 daAuts
